 Dungeon Crawl Stone Soup version 0.30.1 (webtiles) character file.

Game seed: 7618921508869817816

197462 zdzicho121 the Earth Mage (level 18, 0/101 HPs)
             Began as a Gargoyle Earth Elementalist on July 1, 2023.
             Was the Champion of Vehumet.
             Slain by a demonic crawler (5 damage)
             ... led by a torpor snail
             ... on level 1 of the Spider Nest.
             The game lasted 02:11:44 (44094 turns).

zdzicho121 the Earth Mage (GrEE)                   Turns: 44094, Time: 02:11:45

Health: 0/101      AC: 28    Str: 11    XL:     18   Next: 41%
Magic:  8/47       EV: 10    Int: 25    God:    Vehumet [******]
Gold:   3135       SH:  9    Dex: 10    Spells: 7/49 levels left

rFire   + . .        Y - +6 short sword of Valour {venom, rC+ Will+ Stlth-}
rCold   + . .        V - +0 buckler
rNeg    + . .        v - +2 leather armour {rF+}
rPois   ∞            m - +2 helmet
rElec   +            q - +1 cloak {Will+}
rCorr   .            N - +2 pair of gloves {Stlth+}
SInv    +            a - +1 pair of boots
Will    +++..        F - amulet of reflection
Stlth   ++           r - ring of magical power
HPRegen 0.36/turn    s - ring of see invisible
MPRegen 0.30/turn

%: reflection
@: flying
A: sickness immunity, AC +13, big wings, negative energy resistance 1,
electricity resistance, torment resistance 1, petrification resistance
}: 1/15 runes: barnacled
a: Renounce Religion


You were on level 1 of the Spider Nest.
You worshipped Vehumet.
Vehumet was exalted by your worship.
You visited 5 branches of the dungeon, and saw 28 of its levels.
You also visited: Ossuary, Gauntlet and Ice Cave.

You collected 4053 gold pieces.
You spent 918 gold pieces at shops.

Inventory:

Hand Weapons
 Y - the +6 short sword of Valour (weapon) {venom, rC+ Will+ Stlth-}
   (You took it off a gnoll bouda on level 8 of the Dungeon)

   rC:        It protects you from cold.
   Will:      It increases your willpower.
   Stlth:     It makes you less stealthy.
Missiles
 S - 3 throwing nets
Armour
 a - a +1 pair of boots (worn)
 m - a +2 helmet (worn)
 q - a +1 cloak of willpower (worn)
 v - a +2 leather armour of fire resistance (worn)
 N - a +2 pair of gloves of stealth (worn)
 V - a +0 buckler (worn)
Jewellery
 i - an amulet of regeneration
 k - a +4 ring of protection
 n - a +5 ring of evasion
 p - a ring of wizardry
 r - a ring of magical power (left hand)
 s - a ring of see invisible (right hand)
 u - the ring of Gore {Fire rPois Int+2 Slay+2}
   (You found it in a Gauntlet)

   [ring of fire]

   It enhances your fire magic.
   Int:       It affects your intelligence (+2).
   Slay:      It affects your accuracy & damage with ranged weapons and melee
   (+2).
   rF:        It protects you from fire.
   rC:        It makes you vulnerable to cold.
   rPois:     It protects you from poison.
 C - a ring of willpower
 F - an amulet of reflection (around neck)
 M - a ring of protection from cold
Wands
 z - a wand of mindburst (29)
 I - a wand of roots (47)
Scrolls
 c - 5 scrolls of identify
 f - 18 scrolls of teleportation
 g - 3 scrolls of silence
 j - 5 scrolls of amnesia
 l - 5 scrolls of blinking
 w - 8 scrolls of enchant weapon
 x - 5 scrolls of poison
 y - 2 scrolls of fear
 B - 3 scrolls of fog
 D - 3 scrolls of magic mapping
 G - 3 scrolls of summoning
 Q - a scroll of brand weapon
Potions
 b - a potion of magic
 d - 4 potions of haste
 e - 4 potions of might
 o - 4 potions of cancellation
 t - a potion of brilliance
 A - 12 potions of curing
 E - 7 potions of lignification
 K - 9 potions of ambrosia
 O - a potion of resistance
 P - a potion of berserk rage
 T - a potion of invisibility
 X - 4 potions of heal wounds
 Z - 2 potions of mutation


   Skills:
 - Level 7.0 Fighting
 - Level 0.5 Axes
 - Level 0.6 Armour
 - Level 1.5 Dodging
 - Level 2.1 Stealth
 - Level 4.0 Shields
 - Level 16.0 Spellcasting
 - Level 14.0 Conjurations
 - Level 0.7 Transmutations
 - Level 4.0 Fire Magic
 - Level 16.4 Ice Magic
 + Level 20.5 Earth Magic


You had 7 spell levels left.
You knew the following spells:

 Your Spells              Type           Power      Damage    Failure   Level
a - Iron Shot             Conj/Erth      41%        9d8       1%          6
b - Stone Arrow           Conj/Erth      100%       3d13      0%          3
c - Lee's Rapid Deconstr  Erth           44%        3d21*     1%          5
d - Fireball              Conj/Fire      30%        3d13      1%          5
e - Ozocubu's Refrigerat  Ice            40%        4d16      1%          7
f - Orb of Destruction    Conj           37%        9d11      3%          7
g - Shatter               Erth           44%        3d34*     26%         9

Your spell library contained the following spells:

 Spells                   Type           Power      Damage    Failure   Level
 Lehudib's Crystal Spear  Conj/Erth      41%        10d10     7%          8
 Ignition                 Fire           20%        3d7       100%        8
 Sandblast                Erth           100%       2d20      0%          1
 Searing Ray              Conj           100%       2d8       0%          2
 Foxfire                  Conj/Fire      100%       2x1d9     1%          1
 Passwall                 Tmut/Erth      54%        N/A       1%          2
 Scorch                   Fire           80%        2d8       1%          2
 Flame Wave               Conj/Fire      60%        2d14      1%          4
 Leda's Liquefaction      Hex/Erth       32%        N/A       1%          4
 Petrify                  Tmut/Erth      65%        N/A       1%          4
 Iskenderun's Battlesphe  Conj           74%        2d12      1%          5
 Apportation              Tloc           40%        N/A       4%          1
 Necrotise                Necr           80%        1d8       4%          1
 Summon Small Mammal      Summ           80%        N/A       4%          1
 Wereblood                Tmut           23%        N/A       5%          2
 Starburst                Conj/Fire      30%        6d9       5%          6
 Lesser Beckoning         Tloc           40%        N/A       8%          2
 Call Canine Familiar     Summ           20%        N/A       14%         3
 Gell's Gravitas          Tloc           20%        N/A       14%         3
 Portal Projectile        Hex/Tloc       40%        N/A       14%         3
 Teleport Other           Tloc           20%        N/A       14%         3
 Cause Fear               Hex            10%        N/A       43%         4
 Plasma Beam              Fire/Air       15%        2x1d29    58%         6
 Summon Cactus Giant      Summ           10%        N/A       100%        6
 Dragon Form              Tmut           11%        N/A       100%        7
 Summon Hydra             Summ           10%        N/A       100%        7
 Dragon's Call            Summ           10%        N/A       100%        9
 Sublimation of Blood     Necr           Unusable   N/A       N/A         2

Dungeon Overview and Level Annotations

Branches:
Dungeon (15/15)            Temple (0/1) D:7            Lair (5/5) D:8
 Shoals (4/4) Lair:3       Spider (2/4) Lair:2        Slime (0/5) Lair:4
    Orc (2/2) D:12            Elf (0/3) Orc:2        Vaults (0/5) D:14
 Depths (0/4) D:15        Ossuary (visited)           IceCv (visited)
Gauntlet (visited)

Altars:
Ashenzari
Cheibriados
Dithmenos
Elyvilon
Gozag
Kikubaaqudgha
Makhleb
Nemelex Xobeh
Okawaru
Qazlal
Ru
Sif Muna
Uskayaw
Vehumet
Wu Jian
Xom
Zin
The Shining One
Jiyva

Shops:
D:12 [*(*   Orc:2 ([[[


Innate Abilities, Weirdness & Mutations

You are immune to sickness and miasma.
Your stone body is resilient. (AC +13)
You are immune to poison.
Your large and strong wings let you fly.
You resist negative energy. (rN+)
You are resistant to electric shocks. (rElec)
You are resistant to unholy torment.
You are immune to petrification.


Message History

Confirm with . or Enter, or press ? or * to list all spells.
Aiming: Iron Shot (mildly dangerous; 1% risk of failure)
Press: ? - help, Shift-Dir - straight line, f/p - emperor scorpion
Aim: an emperor scorpion (almost dead, 85% to hit)
The iron shot hits the emperor scorpion!!!
You kill the emperor scorpion!
Vehumet accepts your kill.
You feel your power returning.
The demonic crawler hits you but does no damage. x2
The demonic crawler hits you! You block the demonic crawler's attack.
The demonic crawler hits you.
The demonic crawler hits you but does no damage.
Unknown command.
Casting: Iron Shot (mildly dangerous; 1% risk of failure)
Confirm with . or Enter, or press ? or * to list all spells.
Aiming: Iron Shot (mildly dangerous; 1% risk of failure)
Press: ? - help, Shift-Dir - straight line, f - demonic crawler
Aim: a demonic crawler (lightly wounded, 89% to hit)
The iron shot hits the demonic crawler!!
The demonic crawler is severely wounded.
You block the demonic crawler's attack.
The demonic crawler hits you but does no damage.
The demonic crawler hits you!
* * * LOW HITPOINT WARNING * * *
You block the demonic crawler's attack. x2
The demonic crawler closely misses you.
Unknown command.
Casting: Iron Shot (mildly dangerous; 1% risk of failure)
Confirm with . or Enter, or press ? or * to list all spells.
Aiming: Iron Shot (mildly dangerous; 1% risk of failure)
Press: ? - help, Shift-Dir - straight line, f/p - demonic crawler
Aim: a demonic crawler (severely wounded, 89% to hit)
The iron shot misses the demonic crawler.
You block the demonic crawler's attack. The demonic crawler hits you!
* * * LOW HITPOINT WARNING * * *
The demonic crawler hits you but does no damage.
The demonic crawler hits you!
* * * LOW HITPOINT WARNING * * *
The demonic crawler hits you.
You die...

#.^......>##...#..........#
###.#...#......#.#..#####...
#...................##[##...
###.#...###.#.###..#.#...#...
#..>..##......#......#...#..^
#.^.......#......#####...##)#
###..........#...##.....^#...
##.#.#...#s#..[#[.....)'..)
#......##@†...##......#..)
###^...#s..#..######'###8#
#...#..#..#....##.......
##..#.^#.......##....(..
####..##.#....###[##...
####.......#########
#....#...# ##...#.### ###.###


You could see 2 demonic crawlers.

Vanquished Creatures
  Polyphemus (Shoals:3)
  2 krakens
  Agnes (Spider:1)
  2 emperor scorpions (Spider:1)
  Aizul (Lair:3)
  A stone giant (D:15)
  A minotaur (Gauntlet)
  A dire elephant (Gauntlet)
  A spark wasp (Spider:2)
  5 merfolk javelineers
  An ettin (D:12)
  Snorg (Orc:1)
  9 merfolk impalers
  A fire dragon (Lair:5)
  3 entropy weavers
  4 ogre magi (Orc:2)
  An ice dragon (IceCv)
  A jorogumo (Spider:1)
  Erica (D:8)
  3 hydras
  3 centaur warriors
  2 catoblepae
  A radroach (Spider:1)
  21 two-headed ogres
  A merfolk avatar (Shoals:2)
  6 boulder beetles
  A death scarab (Gauntlet)
  2 merfolk aquamancers
  3 alligator snapping turtles
  14 death yaks
  9 satyrs
  7 dancing weapons (Spider:1)
  2 tengu warriors (D:15)
  Nergalle (Orc:1)
  Sonja (D:12)
  8 skysharks
  4 pharaoh ants
  A spectral death yak (Gauntlet)
  A flayed ghost (D:14)
  5 sea snakes
  3 orb spiders (Spider:1)
  Pikel (D:7)
  A phantasmal warrior (D:14)
  A lindwurm (Lair:5)
  A deep elf pyromancer (D:12)
  2 steelbarb worms (Spider:1)
  A wizard (D:14)
  8 wolf spiders
  An oklob plant (Lair:2)
  4 orc knights
  2 ugly things
  2 orc sorcerers (Orc:1)
  3 cyclopes
  30 fauns
  11 manticores
  7 elephants
  4 black mambas
  A moth of wrath (Spider:1)
  2 ice statues (IceCv)
  13 merfolk sirens
  3 water nymphs
  Maurice (D:8)
  An eye of devastation (Gauntlet)
  6 cane toads
  3 unseen horrors
  A gargoyle (D:11)
  3 torpor snails
  3 molten gargoyles (Lair:5)
  5 demonic crawlers
  An unseen horror (shapeshifter) (D:14)
  Psyche (D:12)
  2 kobold demonologists
  9 komodo dragons
  A minotaur zombie (Gauntlet)
  7 rime drakes
  An efreet (D:14)
  5 trolls
  5 polar bears
  A queen bee (shapeshifter) (D:13)
  8 wind drakes
  A wolf spider simulacrum (D:15)
  3 meliai (D:14)
  27 tarantellas
  The ghost of ANNNA the Chiller, an amateur DrIE of Ashenzari (D:6)
  6 snapping turtles
  A hornet (D:6)
  32 merfolk
  13 blink frogs
  6 dream sheep
  7 slime creatures (D:12)
  2 centaur simulacra (D:12)
  11 culicivoras
  10 jumping spiders
  8 shadows
  9 water elementals
  10 wyverns
  43 yaks
  7 fire bats (D:14)
  8 basilisks
  Eustachio (D:4)
  6 wraiths
  A golden eye (Gauntlet)
  5 steam dragons
  28 redbacks
  A warg (Orc:2)
  7 vampire mosquitoes
  An acid dragon (D:9)
  Duvessa (D:6)
  12 water moccasins
  5 hell hounds (Lair:5)
  A meliai simulacrum (D:12)
  A sky beast (D:6)
  4 ice beasts
  3 black bears
  10 centaurs
  29 ogres
  15 orc warriors
  3 boggarts (D:15)
  12 wolves
  4 phantoms
  3 lemures (D:7)
  A kobold brigand (D:9)
  14 bullfrogs
  2 gnoll sergeants
  2 scorpions
  A hornet simulacrum (D:15)
  21 wights
  Dowan (D:6)
  A lindwurm simulacrum (IceCv)
  8 killer bees (D:6)
  A howler monkey (D:10)
  An electric eel (Lair:1)
  5 lava snakes (Lair:5)
  4 crimson imps (D:12)
  4 hounds
  5 jellies
  5 komodo dragon simulacra (IceCv)
  A gnoll bouda (D:8)
  19 orc priests
  2 iguanas
  4 sleepcaps
  Ijyb (D:3)
  23 orc wizards
  Natasha (D:2)
  3 hell rats (D:8)
  4 mummies
  Robin (D:2)
  8 gnolls
  2 river rats (D:8)
  9 acid dragon simulacra (IceCv)
  9 adders
  2 shadow imps
  5 white imps
  3 ufetubi
  6 steam dragon simulacra (IceCv)
  4 worms
  2 dart slugs
  77 orcs
  7 ball pythons
  7 endoplasms
  4 giant cockroaches
  13 goblins
  12 hobgoblins
  8 jackals
  3 quokkas
  79 bats
  6 frilled lizards
  A gnoll zombie (Ossuary)
  3 hobgoblin zombies (Ossuary)
  13 kobolds
  5 kobold zombies
  An orc zombie (D:7)
  6 rats
  5 tentacles
1092 creatures vanquished.

Vanquished Creatures (collateral kills)
  An ugly thing (D:12)
  2 yaks (D:12)
  2 orc wizards (D:12)
  2 orcs (D:12)
7 creatures vanquished.

Vanquished Creatures (others)
  4 tentacles
4 creatures vanquished.

Grand Total: 1103 creatures vanquished

Notes
Turn   | Place    | Note
-------+----------+-------------------------------------------
     0 | D:1      | zdzicho121 the Gargoyle Earth Elementalist began the quest
                  | for the Orb.
     0 | D:1      | Reached XP level 1. HP: 10/10 MP: 3/3
   138 | D:1      | Reached skill level 4 in Earth Magic
   167 | D:1      | Reached XP level 2. HP: 15/15 MP: 3/5
   642 | D:1      | Reached XP level 3. HP: 19/19 MP: 4/6
   808 | D:1      | Learned a level 3 spell: Stone Arrow
  1599 | D:2      | Reached skill level 5 in Earth Magic
  1599 | D:2      | Reached XP level 4. HP: 24/24 MP: 4/8
  1698 | D:2      | Noticed Robin
  1730 | D:2      | Killed Robin
  2139 | D:2      | Noticed Natasha
  2141 | D:2      | Killed Natasha
  2142 | D:2      | Reached XP level 5. HP: 28/28 MP: 6/10
  2447 | D:3      | Found a shadowy altar of Dithmenos.
  2506 | D:3      | Noticed Ijyb
  2516 | D:3      | Killed Ijyb
  2517 | D:3      | Reached skill level 6 in Earth Magic
  2631 | D:3      | Reached XP level 6. HP: 32/32 MP: 7/12
  3313 | D:4      | Found a sacrificial altar of Ru.
  3671 | D:4      | Noticed a wyvern
  3681 | D:4      | Killed a wyvern
  3682 | D:4      | Reached skill level 5 in Spellcasting
  3682 | D:4      | Reached skill level 7 in Earth Magic
  3682 | D:4      | Reached XP level 7. HP: 36/36 MP: 1/14
  3693 | D:4      | Noticed Eustachio
  3720 | D:5      | Entered Level 5 of the Dungeon
  3720 | D:5      | Found a snail-covered altar of Cheibriados.
  3734 | D:4      | Killed Eustachio
  3952 | D:4      | Identified the +10 hand axe of Ambiguity {freeze, Int+4}
  4002 | D:4      | Found a shimmering altar of Xom.
  4331 | D:5      | Reached skill level 1 in Conjurations
  4363 | D:5      | Reached skill level 8 in Earth Magic
  4363 | D:5      | Reached XP level 8. HP: 41/41 MP: 11/16
  4489 | D:5      | Found a radiant altar of Vehumet.
  4495 | D:5      | Became a worshipper of Vehumet
  4531 | D:5      | Found a glowing silver altar of Zin.
  4590 | D:5      | Found a sparkling altar of Nemelex Xobeh.
  4717 | D:5      | Found a white marble altar of Elyvilon.
  4865 | D:6      | Noticed Dowan
  5002 | D:6      | Found a transporter.
  5002 | D:6      | Found a transporter.
  5019 | D:6      | Noticed ANNNA's ghost (amateur DrIE)
  5020 | D:6      | Noticed a hornet
  5078 | D:6      | Reached skill level 9 in Earth Magic
  5261 | D:6      | Reached skill level 1 in Fighting
  5432 | D:6      | Reached XP level 9. HP: 46/47 MP: 3/20
  5639 | D:6      | Reached * piety under Vehumet
  5639 | D:6      | Offered knowledge of Freeze by Vehumet.
  5803 | D:6      | Found a shimmering blue altar of Sif Muna.
  5808 | D:6      | Found a stormy altar of Qazlal.
  5813 | D:6      | Found a glowing golden altar of the Shining One.
  6227 | D:6      | Noticed Duvessa
  6234 | D:6      | Killed Duvessa
  6235 | D:6      | Reached skill level 10 in Earth Magic
  6241 | D:6      | Killed Dowan
  6622 | D:7      | Found a sand-covered staircase.
  6628 | D:7      | Reached ** piety under Vehumet
  6632 | Ossuary  | Entered an ossuary
  6653 | Ossuary  | Offered knowledge of Searing Ray by Vehumet.
  6663 | Ossuary  | Learned a level 2 spell: Searing Ray
  7193 | D:7      | Noticed Pikel
  7214 | D:7      | Killed Pikel
  7215 | D:7      | Reached skill level 11 in Earth Magic
  7215 | D:7      | Reached XP level 10. HP: 38/56 MP: 21/23
  7319 | D:7      | Offered knowledge of Poisonous Vapours by Vehumet.
  7390 | D:7      | Found a staircase to the Ecumenical Temple.
  7399 | D:7      | Identified the +10 war axe of False Accusations {antimagic,
                  | *Slow rC+ Dex+4}
  7885 | D:8      | Found an opulent altar of Gozag.
  7893 | D:8      | Noticed Erica
  7995 | D:8      | Killed Erica
  8128 | D:8      | Found an ancient bone altar of Kikubaaqudgha.
  8370 | D:8      | Reached skill level 12 in Earth Magic
  8370 | D:8      | Reached *** piety under Vehumet
  8407 | D:8      | Identified the +6 short sword of Valour {venom, rC+ Will+
                  | Stlth-}
  8518 | D:8      | Found a staircase to the Lair.
  8518 | D:8      | Noticed a death yak
  8579 | D:9      | Noticed a two-headed ogre
  8583 | D:9      | Killed a two-headed ogre
  8584 | D:9      | Reached skill level 5 in Fighting
  8584 | D:9      | Reached skill level 1 in Shields
  8584 | D:9      | Reached skill level 5 in Conjurations
  8721 | D:9      | Reached skill level 10 in Spellcasting
  8823 | D:9      | Reached XP level 11. HP: 25/64 MP: 15/25
  8965 | D:9      | Noticed a two-headed ogre
  8977 | D:9      | Offered knowledge of Frozen Ramparts by Vehumet.
  9068 | D:9      | Killed a two-headed ogre
  9350 | D:9      | Reached **** piety under Vehumet
  9362 | D:9      | Offered knowledge of Fulminant Prism by Vehumet.
  9661 | D:10     | Entered Level 10 of the Dungeon
  9925 | D:10     | Reached skill level 13 in Earth Magic
 10120 | D:10     | Noticed a boulder beetle
 10912 | D:8      | Noticed Maurice
 10923 | D:8      | Killed Maurice
 10953 | D:8      | Noticed a death yak
 10954 | D:8      | Noticed a death yak
 10978 | D:8      | Killed a death yak
 11084 | D:8      | Killed a death yak
 11501 | Lair:1   | Entered Level 1 of the Lair of Beasts
 11873 | Lair:1   | Reached XP level 12. HP: 39/70 MP: 11/27
 12572 | Lair:2   | Noticed a death yak
 12572 | Lair:2   | Noticed a death yak
 12572 | Lair:2   | Noticed a death yak
 12573 | Lair:2   | Noticed a death yak
 12588 | Lair:2   | Reached skill level 14 in Earth Magic
 12938 | Lair:2   | Killed a death yak
 12978 | Lair:2   | Killed a death yak
 13082 | Lair:2   | Found a hole to the Spider Nest.
 13633 | Lair:2   | Killed a death yak
 13643 | Lair:2   | Killed a death yak
 13766 | Lair:2   | Reached ***** piety under Vehumet
 13766 | Lair:2   | Offered knowledge of Fireball by Vehumet.
 13807 | Lair:2   | Learned a level 5 spell: Fireball
 14332 | Lair:2   | Reached skill level 15 in Earth Magic
 14448 | Lair:3   | Noticed a death yak
 14450 | Lair:3   | Noticed a death yak
 14451 | Lair:3   | Noticed a death yak
 14451 | Lair:3   | Noticed a death yak
 14452 | Lair:3   | Noticed a death yak
 14452 | Lair:3   | Noticed a death yak
 14458 | Lair:2   | Killed a death yak
 14566 | Lair:2   | Killed a death yak
 14567 | Lair:2   | Reached skill level 1 in Fire Magic
 14704 | Lair:2   | Killed a death yak
 14851 | Lair:2   | Killed a death yak
 14975 | Lair:3   | Killed a death yak
 14976 | Lair:3   | Reached XP level 13. HP: 72/74 MP: 15/29
 16106 | Lair:3   | Found a staircase to the Shoals.
 16977 | Lair:4   | Found a staircase to the Slime Pits.
 16983 | Lair:4   | Found a viscous altar of Jiyva.
 17697 | Lair:5   | Entered Level 5 of the Lair of Beasts
 17747 | Lair:5   | Reached skill level 16 in Earth Magic
 18742 | Lair:5   | Reached skill level 10 in Conjurations
 19259 | Lair:5   | Gained mutation: Your large and strong wings let you fly.
                  | [Gargoyle growth]
 19259 | Lair:5   | Reached XP level 14. HP: 77/80 MP: 28/32
 19684 | Lair:5   | Offered knowledge of Iskenderun's Battlesphere by Vehumet.
 19719 | Lair:5   | Learned a level 5 spell: Iskenderun's Battlesphere
 19770 | Lair:5   | Found a large runed translucent door.
 19770 | Lair:5   | Found a large runed translucent door.
 19969 | Lair:5   | Reached skill level 17 in Earth Magic
 20777 | D:10     | Found a broken altar of Ashenzari.
 20816 | D:10     | Found a burning altar of Makhleb.
 20816 | D:10     | Found an ornate altar of the Wu Jian Council.
 21486 | D:10     | Identified a scroll of acquirement
 21528 | D:10     | Acquired 640 gold pieces
 22589 | D:11     | Reached skill level 15 in Spellcasting
 23465 | D:12     | Found Nauzueq's Antique Weapon Shop.
 23502 | D:12     | Noticed Psyche
 23512 | D:12     | Killed Psyche
 23513 | D:12     | Reached skill level 18 in Earth Magic
 23609 | D:12     | Offered knowledge of Ozocubu's Refrigeration by Vehumet.
 23631 | D:12     | Found Heffuwku's Armour Boutique.
 23633 | D:12     | Found Ymeb Guo's Assorted Antiques.
 23639 | D:12     | Found Yggonovo's General Store.
 23671 | D:12     | Found a frozen archway.
 23680 | IceCv    | Entered an ice cave
 24684 | D:12     | Learned a level 7 spell: Ozocubu's Refrigeration
 24691 | D:12     | Reached skill level 1 in Ice Magic
 25336 | D:12     | Found a staircase to the Orcish Mines.
 25412 | D:12     | Found a shimmering altar of Xom.
 25607 | D:12     | Bought a scroll of fear for 100 gold pieces
 25607 | D:12     | Bought a scroll of enchant armour for 187 gold pieces
 25607 | D:12     | Bought a scroll of teleportation for 75 gold pieces
 25616 | D:12     | Bought a scroll of blinking for 135 gold pieces
 25616 | D:12     | Bought a scroll of enchant armour for 135 gold pieces
 25683 | D:12     | Bought a +1 pair of gloves of stealth for 214 gold pieces
 25750 | D:12     | Bought a scroll of identify for 36 gold pieces
 25750 | D:12     | Bought a scroll of identify for 36 gold pieces
 25841 | Orc:1    | Entered Level 1 of the Orcish Mines
 25844 | Orc:1    | Noticed Sonja
 26231 | D:13     | Reached XP level 15. HP: 84/84 MP: 34/34
 26358 | D:13     | Offered knowledge of Lee's Rapid Deconstruction by Vehumet.
 26371 | D:13     | Learned a level 5 spell: Lee's Rapid Deconstruction
 26725 | D:14     | You are sucked into a shaft and drop 1 floor!
 26725 | D:15     | Entered Level 15 of the Dungeon
 26757 | D:14     | Reached skill level 5 in Ice Magic
 26984 | D:14     | Found a gate to the Vaults.
 27160 | D:14     | Found an iron altar of Okawaru.
 27627 | D:14     | Found a shimmering blue altar of Sif Muna.
 28111 | D:14     | Found a glowing silver altar of Zin.
 28192 | D:14     | Found a runed translucent door.
 28199 | D:14     | Found a hide-covered altar of Uskayaw.
 28222 | D:14     | Found a shimmering altar of Xom.
 28240 | D:14     | Found a burning altar of Makhleb.
 28250 | D:14     | Offered knowledge of Orb of Destruction by Vehumet.
 28283 | D:14     | Found a broken altar of Ashenzari.
 28332 | D:14     | Found a glowing silver altar of Zin.
 28419 | D:14     | Learned a level 7 spell: Orb of Destruction
 29008 | D:15     | Found a glowing silver altar of Zin.
 29009 | D:15     | Found a glowing golden altar of the Shining One.
 29011 | D:15     | Found a white marble altar of Elyvilon.
 29854 | D:15     | Found a staircase to the Depths.
 29989 | D:12     | Killed Sonja
 30237 | Orc:1    | Noticed Nergalle
 30242 | Orc:1    | Killed Nergalle
 30304 | Orc:1    | Noticed Snorg
 30310 | Orc:1    | Killed Snorg
 30795 | Orc:2    | Entered Level 2 of the Orcish Mines
 30803 | Orc:2    | Reached skill level 10 in Ice Magic
 30806 | Orc:2    | Offered knowledge of Plasma Beam by Vehumet.
 31028 | Orc:2    | Reached XP level 16. HP: 61/88 MP: 35/35
 31048 | Orc:2    | Found Dynius's Armour Shop.
 31048 | Orc:2    | Found Fexkiteo's Antique Armour Emporium.
 31075 | Orc:2    | Found Ogedoghun's Armour Emporium.
 31075 | Orc:2    | Found Vooll's Antique Weapon Boutique.
 31149 | Orc:2    | Found a staircase to the Elven Halls.
 31156 | Orc:2    | Found a gate leading to a gauntlet.
 31163 | Gauntlet | Entered a Gauntlet
 31163 | Gauntlet | Found a transporter.
 31173 | Gauntlet | Found a transporter.
 31226 | Gauntlet | Found a transporter.
 31227 | Gauntlet | Found a transporter.
 31236 | Gauntlet | Found a transporter.
 31239 | Gauntlet | Found a transporter.
 31240 | Gauntlet | Found a transporter.
 31248 | Gauntlet | Found a transporter.
 31320 | Gauntlet | Found a transporter.
 31332 | Gauntlet | Found a transporter.
 31333 | Gauntlet | Found a transporter.
 31340 | Gauntlet | Found a transporter.
 31346 | Gauntlet | Found a transporter.
 31383 | Gauntlet | Found a transporter.
 31721 | Gauntlet | Identified the +2 robe of Okawaru's Generosity {rC+ rN+}
 32063 | Gauntlet | Identified the ring of Gore {Fire rPois Int+2 Slay+2}
 32130 | Gauntlet | Identified the +0 leather armour of Kupyn {rN+}
 32130 | Gauntlet | Identified the +0 pair of gloves of a ziggurat {rF- Int+5}
 32787 | D:6      | Killed ANNNA's ghost
 33256 | Shoals:1 | Entered Level 1 of the Shoals
 33256 | Shoals:1 | Noticed Aizul
 33269 | Lair:3   | Killed Aizul
 33544 | Shoals:1 | Identified the +5 dagger of the Last Violins {heavy, Int+2
                  | SInv}
 35359 | Shoals:2 | Noticed a kraken
 35365 | Shoals:2 | Killed a kraken
 35588 | Shoals:2 | Reached skill level 15 in Ice Magic
 35681 | Shoals:2 | Offered knowledge of Iron Shot by Vehumet.
 36593 | Shoals:2 | Reached XP level 17. HP: 93/93 MP: 30/36
 36657 | Shoals:2 | Learned a level 6 spell: Iron Shot
 37010 | Shoals:3 | Noticed Polyphemus
 37600 | Shoals:3 | Killed Polyphemus
 38814 | Shoals:4 | Entered Level 4 of the Shoals
 38823 | Shoals:4 | Identified the +3 glaive "Hoyle" {flame, rF+ Int+6}
 39452 | Shoals:4 | Got a barnacled rune of Zot
 40072 | Shoals:4 | Reached ****** piety under Vehumet
 40605 | Shoals:4 | Noticed a kraken
 40609 | Shoals:4 | Killed a kraken
 41340 | Spider:1 | Entered Level 1 of the Spider Nest
 41344 | Spider:1 | Noticed Agnes
 41347 | Spider:1 | Killed Agnes
 41469 | Spider:1 | Offered knowledge of Lehudib's Crystal Spear by Vehumet.
 41469 | Spider:1 | Offered knowledge of Shatter by Vehumet.
 41469 | Spider:1 | Offered knowledge of Ignition by Vehumet.
 42123 | Spider:1 | Learned a level 9 spell: Shatter
 42391 | Spider:1 | Reached XP level 18. HP: 85/101 MP: 11/38
 42539 | Spider:1 | Identified the +0 scale mail of Feasting {*Corrode Str+3}
 42615 | Spider:1 | Reached skill level 19 in Earth Magic
 43137 | Spider:1 | Found a runed translucent door.
 43627 | Spider:2 | Reached skill level 20 in Earth Magic
 44094 | Spider:1 | HP: 5/101 [demonic crawler[a torpor snail] (12)]
 44094 | Spider:1 | Slain by a demonic crawler

Illustrated notes

Levels and vault maps discovered:
D:1:      elethiomel_arrival_maze, layout_basic
D:2:      layout_loops_ring, st_stairs_11, kennysheep_generic_room_14,
          uniq_natasha, uniq_robin
D:3:      layout_loops_ring, nicolae_dithmenos_the_darkroom,
          minmay_misc_feat_diagonals, minmay_misc_feat_five, minivault_26,
          minmay_tree_intersection, uniq_ijyb
D:4:      layout_loops_ring, mainiacjoe_overflow_boulevard,
          nicolae_ru_the_path_less_chosen, uniq_eustachio
D:5:      layout_cave_pools, zin_academy, cheibriados_altar_1,
          lemuel_crystal_altar, nicolae_vehumet_altar_sigil,
          mainiacjoe_overflow_concentric_impassable
D:6:      layout_cave_pools, minmay_overflow_temple_star_quad,
          gammafunk_ghost_hive, hangedman_abyss_or_decor_stagger, st_stairs_6,
          dk_noncrumbling_4, centaur_isle, uniq_duvessa
D:7:      layout_loops_ring, minmay_temple_entry_stoned_glass,
          nicolae_ossuary_entry_giza, minivault_11, minmay_crystal_water,
          uniq_pikel
D:8:      layout_loops_ring, kiku_gazebo_pond_becter,
          mainiacjoe_overflow_chevrons, dpeg_lair_monsters, uniq_maurice,
          uniq_erica
D:9:      layout_roguey
D:10:     minmay_bubble_buster, layout_basic, cheibrodos_ashenzari_chains,
          gammafunk_temple_overflow_elements
D:11:     layout_stronghold
D:12:     layout_basic, orc_0_dummy, serial_shops, shop,
          nicolae_shop_tiny_waterfront, nicolae_inconvenience_store,
          nicolae_shop_stone, serial_ice, serial_ice_b, serial_ice_i,
          serial_ice_f, serial_ice_n, portal_ice_cave_entry_pillars_1,
          led_xom_imps, uniq_psyche
D:13:     layout_small_grid
D:14:     due_megacathedral, layout_irregular_city, david_vaults_4,
          okawaru_gym_becter, tgw_sif
D:15:     grunt_enter_depths_snipers, layout_loops_ring, good_gods_temple_1
Lair:1:   layout_loops_ring, grunt_forest_small_clearings, serial_bayou_shore_a
Lair:2:   layout_cave_pods, spider_nest_entry_rubble, grunt_megastairs_1
Lair:3:   layout_misc_corridors, minmay_shoals_entry_beasts,
          nicolae_quartered_pool_little, chequers_serial_rivers_micro_a
Lair:4:   layout_loops_ring, nicolae_slime_entry_slimehenge, grunt_megastairs_3
Lair:5:   cheibrodos_lair_end_hotspot, layout_regular_city, minivault_27,
          nicolae_lair_grove_arrangements, minivault_19
Shoals:1: layout_shoals, uniq_aizul
Shoals:2: layout_shoals, nicolae_shoals_songs
Shoals:3: layout_shoals, uniq_polyphemus
Shoals:4: shoals_end_grunt_garden, layout_shoals, ldierk_geyser
Spider:1: cheibrodos_spider_deadly_dance, uniq_agnes
Spider:2: layout_spider_delve, nicolae_spider_cling_halls,
          hangedman_spider_tarantella_strand
Orc:1:    layout_caves, david_defended_altar_orc, uniq_snorg, uniq_sonja,
          uniq_nergalle
Orc:2:    st_orc_ogre_mass, layout_caves, gauntlet_entry_generic, basic_altar,
          dreamdust_deal_with_the_devil

Skill      XL: |  1  2  3  4  5  6  7  8  9 10 11 12 13 14 15 16 17 18 |
---------------+-------------------------------------------------------+-----
Earth Magic    | 4 5 6 7 8 9 11 12 13 15 16 18 20 | 20.5
Spellcasting   | 3 4 5 7 9 10 11 12 14 15 16 | 16.0
Conjurations   | 1 2 4 5 6 8 10 14 | 14.0
Fighting       | 1 3 5 6 7 |  7.0
Shields        | 1 4 |  4.0
Fire Magic     | 2 4 |  4.0
Ice Magic      | 4 11 16 | 16.4
Axes           | |  0.5
Armour         | |  0.6
Dodging        | |  1.5
Stealth        | |  2.1
Transmutations | |  0.7

Action                     |  1- 3 |  4- 6 |  7- 9 | 10-12 | 13-15 | 16-18 || total
---------------------------+-------+-------+-------+-------+-------+-------++-------
  Melee: Dagger            |     6 |     2 |       |       |       |       ||     8
         Hand axe          |       |       |   147 |   179 |   120 |       ||   446
         Punch             |       |       |       |     2 |       |       ||     2
         Short sword       |       |       |       |       |    93 |    58 ||   151
   Cast: Sandblast         |    46 |    82 |    47 |    66 |   138 |       ||   379
         Stone Arrow       |       |     9 |    47 |   179 |   491 |    60 ||   786
         Searing Ray       |       |       |     1 |       |       |       ||     1
         Fireball          |       |       |       |     2 |    18 |     1 ||    21
         Iskenderun's Batt |       |       |       |       |     8 |       ||     8
         Lee's Rapid Decon |       |       |       |       |    83 |    46 ||   129
         Ozocubu's Refrige |       |       |       |       |    32 |   311 ||   343
         Iron Shot         |       |       |       |       |       |    68 ||    68
         Orb of Destructio |       |       |       |       |       |     1 ||     1
    Use: Scroll            |       |       |     9 |     5 |    23 |     7 ||    44
         Potion            |       |       |       |     2 |     3 |     2 ||     7
   Stab: Sleeping          |       |       |     3 |     1 |     1 |       ||     5
 Armour: Robe              |     7 |    11 |   104 |   125 |    84 |    27 ||   358
         Leather armour    |       |       |       |    37 |   226 |   164 ||   427
  Dodge: Dodged            |    17 |    20 |   115 |   150 |   263 |   186 ||   751
  Block: Other             |       |       |       |    23 |       |       ||    23
         Reflection        |       |       |       |    28 |    10 |    27 ||    65
         Buckler           |       |       |       |   103 |   281 |   162 ||   546
